 Dungeon Crawl Stone Soup version 0.23.0-3-gf3c87f2df8 (webtiles) character file.

Game seed: 5413596461771484003

1053 Gargoyl the Chopper (level 8, -6/67 HPs)
             Began as a Centaur Abyssal Knight on Feb 22, 2019.
             Was a Priest of Lugonu.
             Shot with an arrow by a centaur (7 damage)
             ... on level 5 of the Dungeon.
             The game lasted 00:10:18 (6259 turns).

Gargoyl the Chopper (Centaur Abyssal Knight)        Turns: 6259, Time: 00:10:18

Health: -6/67      AC:  0    Str: 15    XL:     8   Next: 5%
Magic:  11/11      EV: 15    Int: 11    God:    Lugonu [***...]
Gold:   122        SH:  0    Dex: 11    Spells: 7/7 levels left

rFire    . . .     SeeInvis .   (weapon currently unavailable)
rCold    . . .     Gourm    .   (shield currently unavailable)
rNeg     . . .     Faith    .   (armour currently unavailable)
rPois    .         Spirit   .   (helmet currently unavailable)
rElec    .         Reflect  .   (cloak currently unavailable)
rCorr    .         Harm     .   (gloves currently unavailable)
MR       .....                  (no barding)
Stlth    +.........             (no amulet)
HPRegen  0.21/turn              (ring currently unavailable)
MPRegen  0.12/turn              (ring currently unavailable)

@: pig-form (expiring), very quick
A: small
a: Depart the Abyss, Bend Space, Banish, Renounce Religion


You were on level 5 of the Dungeon.
You worshipped Lugonu.
Lugonu was most pleased with you.
You were hungry.
You were a filthy swine.
You visited 1 branch of the dungeon, and saw 6 of its levels.
You visited the Abyss 1 time.

You collected 343 gold pieces.
You spent 221 gold pieces at shops.

Inventory:

Hand Weapons
 a - a +3 hand axe
 p - the cursed +3 flail "Rurchunant" (melded) {venom, +Blink}
   (You bought it in a shop on level 5 of the Dungeon)

   It poisons the flesh of those it strikes.
   It lets you blink.
   It has a curse placed upon it.
Armour
 e - a +0 plate armour (melded)
 f - a +0 cloak (melded)
 k - a +0 helmet (melded)
 m - a +0 buckler (melded)
 q - a +1 pair of gloves (melded)
Jewellery
 g - a ring of resist corrosion (melded)
 l - a +3 ring of protection (melded)
 s - an uncursed ring of wizardry {unknown}
Wands
 t - a wand of polymorph (19)
Scrolls
 d - 2 scrolls of amnesia
 h - 3 scrolls of teleportation
 j - 4 scrolls of identify
Potions
 n - a potion of magic
 o - a potion of flight
Comestibles
 c - 11 rations


   Skills:
 + Level 4.4 Fighting
 + Level 4.8 Axes
 + Level 0.5(3.0) Maces & Flails
 * Level 3.7 Armour
 * Level 2.7 Dodging
 + Level 0.4 Shields
 * Level 4.5 Invocations


You had 7 spell levels left.
You didn't know any spells.
Your spell library contained the following spells:

 Spells                   Type           Power        Failure   Level  Hunger
 Animate Skeleton         Necr           N/A          34%         1    ##.....
 Apportation              Tloc           #.....       34%         1    ##.....
 Confusing Touch          Hex            #.....       34%         1    ##.....
 Summon Small Mammal      Summ           #...         34%         1    ##.....


Dungeon Overview and Level Annotations

Branches:
Dungeon (6/15)
 Temple: D:4-7

Altars:
Ashenzari
Wu Jian
The Shining One

Shops:
D:5 (

Annotations:
D:3 3 runed translucent doors, Jabberih's ghost, amateur DrCj; Kniotic's ghost, weakling DgAs
D:5 Dowan; Duvessa


Innate Abilities, Weirdness & Mutations

((You have hooves in place of feet.))
((Armour fits poorly on your strangely shaped body.))
((You cover ground very quickly.))
((You have extremely tough skin. (AC +3)))


Message History

Dowan blinks!
Duvessa says, "My weaknesses are his strengths!"
You feel better. Duvessa closely misses you.
It was a potion of lignification.
You feel woody for a moment. Duvessa hits you with a +0 short sword!
* * * LOW HITPOINT WARNING * * *
Duvessa misses you.
Okay, then.
Duvessa says, "My weaknesses are his strengths!"
Your transformation is almost over.
There is a fountain of clear blue water here.
Duvessa barely misses you. Duvessa closely misses you.
You open the door. Duvessa hits you with a +0 short sword!
* * * LOW HITPOINT WARNING * * *
The centaur shoots an arrow.
The arrow hits you!
* * * LOW HITPOINT WARNING * * *
There is an open door, spattered with blood here.
You see here an arrow.
The centaur shoots an arrow.
The arrow hits you!
You die...

#......#.# #..................
########.####.⌠.⌠..............
#######....e.....∩..####.........
#.....#....####e⌠.⌠...##.........
#.....#....# #.......##.........
#.....#....# #..c....##.........
#.....#....####.e.....##......###
#.....#....#...#(#######......# #
#.....#....#....h##########...# #
#.....######...........# #...# #
#......................# #...###
###...........#..<.....####......
###...........#.......(...#......
..............#...........#......
##...........##...........#...##.
##'############........####...##.
≈≈.≈≈≈# #........# #......


You could see Duvessa, Dowan and a centaur.

Vanquished Creatures
  Eustachio (D:4)
  A necrophage (D:5)
  An ogre (D:5)
  A centaur (D:4)
  A bullfrog zombie (D:5)
  2 hounds (D:4)
  An orc priest (D:3)
  A bullfrog skeleton (D:4)
  An orc wizard (D:4)
  Terence (D:3)
  An iguana (D:4)
  7 worker ants
  A hound skeleton (D:4)
  8 gnolls
  5 adders
  3 oozes
  3 worms
  2 dart slugs (D:1)
  6 leopard geckos
  7 orcs
  12 bats
  7 giant cockroaches
  8 goblins
  13 hobgoblins
  A jackal (D:4)
  9 kobolds
  6 quokkas
  2 ball pythons
  7 frilled lizards
  8 rats
127 creatures vanquished.

Vanquished Creatures (others)
  A withered plant (D:3)
1 creature vanquished.

Grand Total: 128 creatures vanquished

Notes
Turn   | Place    | Note
-------+----------+-------------------------------------------
     0 | Abyss:1  | Gargoyl the Centaur Abyssal Knight began the quest for the
                  | Orb.
     0 | Abyss:1  | Reached XP level 1. HP: 19/19 MP: 2/2
    24 | Abyss:2  | Found a corrupted altar of Lugonu.
    90 | Abyss:2  | Noticed a thrashing horror
   135 | Abyss:2  | Noticed a spriggan
   135 | Abyss:2  | a shapeshifter changed into a spriggan
   145 | Abyss:2  | Noticed a komodo dragon
   145 | Abyss:2  | a spriggan changed into a komodo dragon
   184 | Abyss:2  | Noticed a large abomination
   201 | Abyss:2  | Noticed a quasit
   201 | Abyss:2  | Noticed a small abomination
   202 | Abyss:2  | Noticed a raiju
   204 | Abyss:2  | Noticed a small abomination
   206 | D:1      | Escaped the Abyss
   510 | D:1      | Reached XP level 2. HP: 16/26 MP: 3/3
   799 | D:1      | Reached * piety under Lugonu
   931 | D:1      | Reached skill level 1 in Dodging
   977 | D:1      | Reached XP level 3. HP: 30/31 MP: 4/4
  1616 | D:1      | Reached XP level 4. HP: 8/38 MP: 5/5
  1969 | D:2      | Reached ** piety under Lugonu
  2101 | D:2      | Found a glowing golden altar of the Shining One.
  2903 | D:2      | Reached XP level 5. HP: 45/45 MP: 7/7
  3174 | D:3      | Noticed Terence
  3211 | D:3      | Killed Terence
  3722 | D:3      | Reached XP level 6. HP: 23/52 MP: 8/8
  4020 | D:3      | Found a runed translucent gate.
  4020 | D:3      | Found a runed translucent gate.
  4024 | D:3      | Found a runed translucent gate.
  4127 | D:3      | Reached *** piety under Lugonu
  4238 | D:3      | Noticed Kniotic's ghost (weakling DgAs)
  4239 | D:3      | Noticed Jabberih's ghost (amateur DrCj)
  4657 | D:4      | Reached XP level 7. HP: 48/59 MP: 9/9
  4925 | D:4      | Noticed Eustachio
  4939 | D:4      | Killed Eustachio
  5290 | D:4      | Found an ornate altar of the Wu Jian Council.
  5290 | D:4      | Found a shattered altar of Ashenzari.
  5483 | D:5      | Entered Level 5 of the Dungeon
  5555 | D:5      | Found Holutu's Antique Weapon Shop.
  5563 | D:5      | Bought a fine flail for 221 gold pieces
  5563 | D:5      | Identified the cursed +3 flail "Rurchunant" {venom, +Blink}
                  | (You bought it in a shop on level 5 of the Dungeon)
  5988 | D:5      | Reached XP level 8. HP: 67/67 MP: 11/11
  6157 | D:6      | Noticed Duvessa
  6158 | D:6      | Noticed Dowan
  6258 | D:5      | HP: 1/67 [centaur/arrow (9)]
  6259 | D:5      | Shot with an arrow by a centaur

Skill      XL: |  1  2  3  4  5  6  7 |
---------------+----------------------+-----
Axes           | 2 3 4 |  4.8
Dodging        | 1 2 |  2.7
Armour         | 2 3 |  3.7
Invocations    | 3 4 |  4.5
Fighting       | 4 |  4.4
Maces & Flails | |  0.5
Shields        | |  0.4

Action                   |  1- 3 |  4- 6 |  7- 9 || total
-------------------------+-------+-------+-------++-------
Melee: Hand axe          |    96 |   237 |    75 ||   408
       Kick              |    14 |    45 |    16 ||    75
       Flail             |       |       |    26 ||    26
Invok: Depart the Abyss  |     1 |       |       ||     1
  Use: Scroll            |     1 |    10 |     3 ||    14
       Potion            |       |     3 |     2 ||     5
  Eat: Chunk             |     1 |     6 |     3 ||    10
       Ration            |       |     1 |       ||     1
Armor: Plate armour      |   129 |   216 |   108 ||   453
Dodge: Dodged            |    10 |    26 |    20 ||    56
Block: Buckler           |       |     6 |    21 ||    27
